AoeStats
← Python 1.2.20

Black Forest

507983933Analyzed
4v4 RM · 12d ago on Sep 20, 2026· 37m 26s· 8 players
Game mode
Random Map
Map size
Large (8 player)
Population
200
Speed
Normal
Resources
Standard
Victory
Conquest
Starting age
Dark Age
Ending age
Imperial Age
RankedLock teamsTeams togetherTeam positionsShared explorationLock speedFull tech treeHidden civsTurbo modeCheats
Victory
Defeat
🇹🇼 Persians · Taiwan
1732
+9
🇹🇼 Malians · Taiwan
1705
+10
🇹🇼 Armenians · Taiwan
1539
+16
🇹🇼 Malay · Taiwan
1469
+19
🇷🇴 Burmese · Romania
1595
-15
🇹🇼 Jurchens · Taiwan
1579
-14
🇨🇳 Koreans · China
1551
-13
🇧🇷 Byzantines · Brazil
1527
-12
alumin
0:42 Loom
13:04 Feudal Age
17:37 Castle Age
26:11 Horse Collar
29:58 Heavy Plow
30:48 Double-Bit Axe
33:05 Wheelbarrow
32:18 Town Watch
Voxer El Brazilian
0:52 Loom
13:28 Feudal Age
13:55 Man-at-Arms
14:27 Double-Bit Axe
19:36 Horse Collar
22:04 Castle Age
20:30 Fletching
20:50 Horse Collar
27:24 Imperial Age
26:09 Bodkin Arrow
27:40 Padded Archer Armor
28:27 Bracer
28:19 Crossbowman
29:47 Arbalester
35:29 Chemistry
Kirtap
10:22 Feudal Age
11:49 Horse Collar
14:29 Castle Age
24:05 Wheelbarrow
28:02 Imperial Age
26:17 Gold Mining
27:07 Scale Barding Armor
27:14 Bloodlines
27:04 Husbandry
28:00 Gold Shaft Mining
27:30 Loom
27:56 Heavy Plow
28:06 Onager
28:40 Elite Battle Elephant
30:12 Chain Barding Armor
30:30 Howdah
31:29 Plate Barding Armor
32:22 Forging
33:44 Conscription
33:47 Conscription
35:17 Iron Casting
MrFUNAN
12:34 Feudal Age
16:16 Castle Age
14:11 Double-Bit Axe
14:32 Horse Collar
17:41 Bow Saw
19:02 Wheelbarrow
20:42 Heavy Plow
23:21 Loom
24:34 Gold Mining
24:59 Stone Mining
29:52 Imperial Age
28:23 Murder Holes
28:24 Fletching
29:45 Gold Shaft Mining
29:46 Stone Shaft Mining
29:42 Bodkin Arrow
30:33 Ballistics
30:41 Hand Cart
30:00 Elite Skirmisher
31:47 Chemistry
30:40 Elite Fire Lancer
32:00 Scale Mail Armor
32:01 Bracer
32:50 Forging
32:41 Murder Holes
32:12 Pikeman
33:13 Squires
34:26 Chain Mail Armor
34:47 Iron Casting
35:20 Eupseong
35:41 Thumb Ring
36:23 Plate Mail Armor
35:40 Halberdier
星空夜羽
0:41 Loom
12:49 Feudal Age
16:07 Castle Age
14:28 Double-Bit Axe
14:23 Horse Collar
14:51 Horse Collar
17:44 Wheelbarrow
17:46 Bow Saw
20:03 Town Watch
26:11 Gold Mining
26:12 Stone Mining
30:41 Imperial Age
28:49 Scale Barding Armor
30:11 Hand Cart
30:18 Chain Barding Armor
31:17 Gold Shaft Mining
31:26 Stone Shaft Mining
33:30 Plate Barding Armor
33:02 Elite War Elephant
34:02 Husbandry
34:31 Bloodlines
36:27 Forging
36:21 Devotion
36:36 Caravan
Python 1.2.20
6:08 Loom
10:10 Feudal Age
9:49 Double-Bit Axe
9:45 Horse Collar
14:11 Wheelbarrow
16:55 Castle Age
16:58 Bow Saw
21:17 Heavy Plow
28:37 Imperial Age
26:23 Fletching
26:45 Gold Mining
26:54 Crossbowman
27:25 Capped Ram
28:07 Bodkin Arrow
28:15 Padded Archer Armor
29:21 Bracer
30:26 Thumb Ring
31:06 Leather Archer Armor
30:55 Arbalester
33:04 Chemistry
33:42 Ballistics
33:55 Ring Archer Armor
34:10 Town Watch
34:41 Caravan
35:21 Hand Cart
35:43 Forging
35:46 Masonry
36:50 Siege Engineers
liang0312
0:41 Loom
11:40 Feudal Age
12:35 Double-Bit Axe
17:43 Castle Age
15:41 Horse Collar
17:34 Town Watch
19:29 Bow Saw
22:59 Wheelbarrow
26:40 Hand Cart
32:16 Imperial Age
31:04 Forging
30:58 Stone Mining
30:59 Gold Mining
31:28 Caravan
33:20 Conscription
33:47 Iron Casting
33:18 Scale Barding Armor
32:52 Heavy Camel Rider
33:43 Bloodlines
34:31 Husbandry
34:54 Block Printing
35:01 Sanctity
35:23 Gold Shaft Mining
36:51 Chain Barding Armor
37:59 Chemistry
38:06 Plate Barding Armor
TATTOO
1:02 Loom
11:36 Feudal Age
16:39 Castle Age
15:19 Town Watch
15:48 Double-Bit Axe
22:01 Bow Saw
21:47 Horse Collar
25:42 Wheelbarrow
27:04 Gold Mining
27:46 Hand Cart
27:40 Stone Mining
31:28 Imperial Age
29:13 Scale Mail Armor
29:23 Forging
30:22 Chain Mail Armor
29:28 Man-at-Arms
29:54 Gambesons
30:09 Squires
29:55 Arson
30:21 Long Swordsman
31:42 Iron Casting
31:07 Two-Handed Swordsman
31:49 Pikeman
32:02 Champion
33:51 Gold Shaft Mining
33:43 Clinker Construction
33:50 Halberdier
35:10 Plate Mail Armor
38:00 Blast Furnace
Connection lost

Rejoining the realm…

Still unreachable

The connection could not be restored.

Session expired

The server has moved on; the page needs a fresh start.